 Dungeon Crawl Stone Soup version 0.28-a0-909-g796cbd3a86 (webtiles) character file.

Game seed: 4135133428386852420

1148 horus123 the Sneak (level 8, -8/41 HPs)
             Began as a Deep Elf Conjurer on Nov 24, 2021.
             Was an Initiate of Nemelex Xobeh.
             Mangled by a gnoll sergeant (9 damage)
             ... on level 5 of the Dungeon.
             The game lasted 00:16:45 (5847 turns).

horus123 the Sneak (Deep Elf Conjurer)              Turns: 5847, Time: 00:16:46

Health: -8/41      AC:  6    Str:  4    XL:     8   Next: 15%
Magic:  12/19      EV: 12    Int: 25    God:    Nemelex Xobeh [......]
Gold:   179        SH:  0    Dex: 14    Spells: 5/19 levels left

rFire   x . .      SeeInvis .   f - +3 dagger (spect)
rCold   + . .      Faith    .   (no shield)
rNeg    . . .      Spirit   .   a - +1 robe
rPois   .          Reflect  .   (no helmet)
rElec   .          Harm     .   (no cloak)
rCorr   +          Rampage  .   g - +2 pair of gloves
Will    .....                   (no boots)
Stlth   +++.......              (no amulet)
HPRegen 0.13/turn               k - ring of resist corrosion
MPRegen 0.16/turn               o - ring of ice

@: no status effects
A: no striking features
a: Renounce Religion, Draw Escape, Draw Destruction, Draw Summoning


You were on level 5 of the Dungeon.
You worshipped Nemelex Xobeh.
Nemelex Xobeh was noncommittal.
You visited 2 branches of the dungeon, and saw 6 of its levels.

You collected 179 gold pieces.

Inventory:

Hand Weapons
 f - a +3 spectral dagger (weapon)
Missiles
 l - 4 silver javelins
 q - 3 throwing nets
Armour
 a - a +1 robe (worn)
 g - a +2 pair of gloves (worn)
Jewellery
 k - a ring of resist corrosion (left hand)
 o - a ring of ice (right hand)
Scrolls
 e - 2 scrolls of fog
 i - 5 scrolls of teleportation
 p - a scroll of fear
Potions
 b - 2 potions of curing
 c - 2 potions of flight
 d - 2 potions of ambrosia {unknown}
 h - 2 potions of lignification
 j - a potion of brilliance {unknown}
 m - a potion of invisibility {unknown}
 n - a potion of berserk rage {unknown}


   Skills:
 - Level 2.5 Short Blades
 - Level 2.4 Dodging
 - Level 6.4 Stealth
 + Level 6.1 Spellcasting
 - Level 6.3 Conjurations
 - Level 3.0 Hexes
 - Level 5.1 Ice Magic


You had 5 spell levels left.
You knew the following spells:

 Your Spells              Type           Power      Damage    Failure   Level
a - Magic Dart            Conj           100%       1d8       1%          1
b - Searing Ray           Conj           78%        2d7       1%          2
c - Dazzling Flash        Conj/Hex       62%        N/A       3%          3
d - Fulminant Prism       Conj/Hex       15%        3d11      11%         4
e - Freeze                Ice            100%       1d11      1%          1
f - Frozen Ramparts       Ice            98%        1d11      2%          3

Your spell library contained the following spells:

 Spells                   Type           Power      Damage    Failure   Level
 Hailstorm                Conj/Ice       53%        3d12      7%          4
 Mephitic Cloud           Conj/Pois/Air  18%        N/A       10%         3
 Corpse Rot               Necr/Air       14%        N/A       11%         2
 Iskenderun's Mystic Bla  Conj/Tloc      23%        2d6       21%         4
 Ignite Poison            Fire/Tmut/Pois 7%         N/A       22%         3
 Freezing Cloud           Conj/Ice/Air   20%        6-21      38%         5
 Dispel Undead            Necr           7%         3d8       58%         4
 Silence                  Hex/Air        7%         N/A       73%         5
 Agony                    Necr           7%         N/A       90%         5
 Death Channel            Necr           3%         N/A       100%        6


Dungeon Overview and Level Annotations

Branches:
Dungeon (5/15)             Temple (1/1) D:5

Altars:
Ashenzari
Dithmenos
Elyvilon
Gozag
Hepliaklqana
Kikubaaqudgha
Makhleb
Nemelex Xobeh
Qazlal
Sif Muna
Trog
Uskayaw
Wu Jian
Xom
Yredelemnul
Zin
The Shining One


Message History

Unknown command.
You are held in a net!
You tear a large gash into the net.
The wall freezes the jackal.
The jackal bites you but does no damage.
The wall freezes the gnoll.
You kill the gnoll!
You struggle against the net.
The wall freezes the jackal.
The jackal bites you but does no damage.
The wall freezes the gnoll sergeant.
The gnoll sergeant hits you from afar with a +0 spear.
The wall freezes the jackal!
You kill the jackal!
You struggle against the net.
The wall freezes the gnoll sergeant!
The gnoll sergeant hits you from afar with a +0 spear.
You rip the net and break free!
The frozen ramparts melt away.
The jackal barely misses you.
The gnoll sergeant hits you from afar with a +0 spear.
The jackal barely misses you.
You barely miss the jackal.
Your +3 spectral dagger hits the jackal.
The gnoll sergeant hits you but does no damage.
The jackal bites you but does no damage.
You closely miss the jackal.
The jackal is heavily wounded.
Your +3 spectral dagger hits the jackal!
You kill the jackal!
Something barely misses your +3 spectral dagger.
The gnoll sergeant hits you from afar with a +0 spear.
You swap places.
A jackal comes into view.
The gnoll misses you.
The gnoll sergeant hits you with a +0 spear!
Things that are here:
10 stones; a gnoll corpse The gnoll closely misses you.
The gnoll sergeant hits you from afar with a +0 spear!
* * * LOW HITPOINT WARNING * * *
The gnoll sergeant hits you from afar with a +0 spear!
You die...
Your body disappears without a glow.

## #. ##############
.. ###.....(......#
.. ........@......#
.. .####..g####...#
P. #.....g...##..#
.. #.........##).#
.. #.........##)(#
.. #.........##.)###
..
####...#####....##.#
.. '...' #....##.#
#.. .'..h'
#........##..


You could see a gnoll sergeant and a gnoll.

Vanquished Creatures
  3 ogres
  4 scorpions (D:5)
  A water moccasin skeleton (D:5)
  2 bullfrog zombies (D:5)
  2 hounds (D:5)
  A jelly (D:4)
  An orc priest (D:3)
  2 gnoll shamans
  An iguana (D:5)
  An orc wizard (D:5)
  15 gnolls
  6 adders
  An adder zombie (D:3)
  2 worms (D:5)
  3 dart slugs
  13 orcs
  12 ball pythons
  9 endoplasms
  A giant cockroach (D:1)
  3 goblins
  10 hobgoblins
  6 jackals
  3 kobolds
  A quokka (D:1)
  A ball python skeleton (D:3)
  7 bats
  3 frilled lizards
  A giant cockroach zombie (D:3)
  A quokka skeleton (D:3)
  3 rats
  A bush (Temple)
120 creatures vanquished.

Vanquished Creatures (others)
  2 withered plants (D:3)
2 creatures vanquished.

Grand Total: 122 creatures vanquished

Notes
Turn   | Place    | Note
-------+----------+-------------------------------------------
     0 | D:1      | horus123 the Deep Elf Conjurer began the quest for the Orb.
     0 | D:1      | Reached XP level 1. HP: 10/10 MP: 6/6
   327 | D:1      | Reached XP level 2. HP: 15/15 MP: 5/9
   330 | D:1      | Learned a level 2 spell: Searing Ray
   928 | D:1      | Reached skill level 5 in Conjurations
  1043 | D:2      | Reached XP level 3. HP: 19/19 MP: 8/10
  1047 | D:2      | Learned a level 3 spell: Dazzling Flash
  1219 | D:2      | Reached skill level 1 in Hexes
  1373 | D:2      | Reached XP level 4. HP: 24/24 MP: 6/12
  1378 | D:2      | Learned a level 4 spell: Fulminant Prism
  2433 | D:3      | Reached XP level 5. HP: 28/28 MP: 5/13
  2660 | D:3      | Found a faded altar of an unknown god.
  2665 | D:3      | Found a basalt altar of Yredelemnul.
  2949 | D:3      | Found a hide-covered altar of Uskayaw.
  3090 | D:4      | Noticed an ogre
  3095 | D:4      | Killed an ogre
  3172 | D:4      | Reached XP level 6. HP: 32/32 MP: 10/14
  3296 | D:4      | Reached skill level 5 in Stealth
  4223 | D:5      | Entered Level 5 of the Dungeon
  4233 | D:5      | Reached skill level 1 in Short Blades
  4249 | D:5      | Reached XP level 7. HP: 31/36 MP: 0/15
  4249 | D:5      | Found a stormy altar of Qazlal.
  4377 | D:5      | Learned a level 1 spell: Freeze
  4381 | D:5      | Learned a level 3 spell: Frozen Ramparts
  4435 | D:5      | Reached skill level 1 in Ice Magic
  4659 | D:5      | Found an ancient bone altar of Kikubaaqudgha.
  4738 | D:5      | Found an opulent altar of Gozag.
  4744 | D:5      | Found an opulent altar of Gozag.
  4744 | D:5      | Found an opulent altar of Gozag.
  4755 | D:5      | Found an opulent altar of Gozag.
  5070 | D:5      | Found a staircase to the Ecumenical Temple.
  5079 | Temple   | Entered the Ecumenical Temple
  5410 | Temple   | Became a worshipper of Nemelex Xobeh the Trickster
  5478 | D:5      | Reached skill level 5 in Ice Magic
  5603 | D:5      | Found a burning altar of Makhleb.
  5639 | D:5      | Found a glowing golden altar of the Shining One.
  5651 | D:5      | Reached skill level 5 in Spellcasting
  5651 | D:5      | Reached XP level 8. HP: 41/41 MP: 15/17
  5683 | D:5      | Found a glowing silver altar of Zin.
  5684 | D:5      | Noticed a cacodemon
  5684 | D:5      | Noticed an angel
  5846 | D:5      | HP: 1/41 [gnoll sergeant (12)]
  5847 | D:5      | Mangled by a gnoll sergeant

Illustrated notes

Levels and vault maps discovered:
D:1:      nagdon_arrival_double_spiral, layout_loops_ring, minmay_pentomino_u4
D:2:      layout_rooms, chequers_serial_rivers_marsh
D:3:      layout_loops_ring, nicolae_overflow_ecumenical_swirl,
          lemuel_coloured_pillars_altar, serial_undead, serial_undead_e,
          serial_undead_b, serial_undead_c, serial_undead_e, st_stairs_11
D:4:      layout_loops_corners, minmay_between
D:5:      layout_cave_pools, grunt_temple_overflow_order_and_chaos_2,
          grunt_temple_overflow_forces_of_nature,
          nicolae_gozag_conspicuous_consumption, kiku_gazebo_pond_becter,
          lemuel_doored_altar, minmay_temple_entry_enclosed_plants,
          serial_gnoll_camp, gnoll_camp_mini_doghouse,
          gnoll_camp_mini_loothouse, gnoll_camp_medium_02, gnoll_camp_mini_hut,
          gup_sewer_entry_bubbles
Temple:   jpeg_temple_island

Skill      XL: |  1  2  3  4  5  6  7  8 |
---------------+-------------------------+-----
Spellcasting   | 4 5 6 |  6.1
Conjurations   | 5 6 |  6.3
Hexes          | 3 |  3.0
Stealth        | 4 6 |  6.4
Short Blades   | 2 |  2.5
Ice Magic      | 5 |  5.1
Dodging        | |  2.4

Action                   |  1- 3 |  4- 6 |  7- 9 || total
-------------------------+-------+-------+-------++-------
Melee: Dagger            |       |     6 |    73 ||    79
 Cast: Magic Dart        |    56 |   111 |    40 ||   207
       Searing Ray       |     3 |     7 |     9 ||    19
       Frozen Ramparts   |       |       |     2 ||     2
       Freeze            |       |       |     1 ||     1
  Use: Scroll            |     4 |    11 |     1 ||    16
 Stab: Sleeping          |       |     3 |     6 ||     9
Armor: Robe              |     1 |     5 |    14 ||    20
Dodge: Dodged            |     6 |    19 |    22 ||    47

Table legend: (Time is in decaauts)
 A = Elapsed time spent in this place.
 B = Non-inter-level travel time spent in this place.
 C = Inter-level travel time spent in this place.
 D = Time resting spent in this place.
 E = Time spent auto-exploring this place.
 F = Levels seen in this place.
 G = Mean time per level.
                   A        B        C        D        E       F      G
               +--------+--------+--------+--------+--------+-----+--------+
         Total |   5881 |   5730 |    151 |    521 |   4278 |   6 |  980.2 |
       Dungeon |   5487 |   5362 |    125 |    521 |   4060 |   5 | 1097.4 |
        Temple |    393 |    367 |     26 |      0 |    218 |   1 |  393.0 |
               +--------+--------+--------+--------+--------+-----+--------+

Top non-repeatable levels by time:
     D:5: 1264 daAuts
     D:4: 1230 daAuts
     D:3: 1213 daAuts
     D:1: 1041 daAuts
     D:2: 737 daAuts
  Temple: 393 daAuts
